 Dungeon Crawl Stone Soup version 0.23-a0-386-g9c9d49f (webtiles) character file.

1199 Gildeon the Basher (level 8, -6/68 HPs)
             Began as a Minotaur Chaos Knight on Oct 28, 2018.
             Was a Plaything of Xom.
             Splashed by Ijyb's acid (14 damage)
             ... on level 5 of the Dungeon.
             The game lasted 00:15:32 (3954 turns).

Gildeon the Basher (Minotaur Chaos Knight)          Turns: 3954, Time: 00:15:34

Health: -6/68      AC:  1    Str: 20    XL:     8   Next: 20%
Magic:  7/7        EV:  3    Int: 11    God:    Xom [.*....]
Gold:   330        SH: 14    Dex:  9    Spells: 7/7 levels left

rFire    . . .     SeeInvis .   a - +0 mace (chaos)
rCold    . . .     Gourm    .   o - +0 large shield
rNeg     . . .     Faith    .   r - +0 plate armour
rPois    .         Spirit   .   (helmet restricted)
rElec    .         Reflect  .   (no cloak)
rCorr    .         Harm     .   (no gloves)
MR       +....                  v - +0 pair of boots
Stlth    ..........             (no amulet)
HPRegen  0.21/turn              e - +2 ring of intelligence
MPRegen  0.10/turn              i - ring of protection from magic

@: corroded
A: retaliatory headbutt, horns 2
a: Renounce Religion


You were on level 5 of the Dungeon.
You worshipped Xom.
You were a plaything of Xom.
You were not hungry.

You visited 1 branch of the dungeon, and saw 5 of its levels.

You collected 330 gold pieces.

Inventory:

Hand Weapons
 a - a +0 mace of chaos (weapon)
Armour
 o - a +0 large shield (worn)
 r - a +0 plate armour (worn)
 v - a +0 pair of boots (worn)
Jewellery
 e - a +2 ring of intelligence (left hand)
 i - a ring of protection from magic (right hand)
Scrolls
 f - 2 scrolls of fog {unknown}
 g - a scroll of immolation {unknown}
 h - a scroll of noise {unknown}
 j - a scroll of amnesia {unknown}
 k - 2 scrolls of magic mapping
 m - 5 scrolls of remove curse
 p - 3 scrolls of teleportation
Potions
 b - a potion of brilliance
 l - 2 potions of invisibility
 n - 4 potions of curing
 q - a potion of might {unknown}
 s - a potion of flight
 u - a potion of haste {unknown}
 w - a potion of berserk rage {unknown}
Comestibles
 c - 14 rations
 t - 3 chunks of flesh


   Skills:
 - Level 5.0 Fighting
 * Level 8.4 Maces & Flails
 - Level 5.0 Armour
 + Level 4.9 Dodging
 + Level 4.2 Shields


You had 7 spell levels left.
You didn't know any spells.
Your spell library was empty.

Dungeon Overview and Level Annotations

Branches:
Dungeon (5/15)
 Temple: D:4-7

Altars:
Elyvilon
Gozag
Qazlal
Vehumet
Xom

Shops:
D:4 [

Annotations:
D:5 Ijyb


Innate Abilities, Weirdness & Mutations

You reflexively headbutt those who attack you in melee.
You have a pair of horns on your head.


Message History

The bolt of acid hits you!
* * * LOW HITPOINT WARNING * * *
The acid corrodes you!
You are splashed with acid!
The acid burns!
* * * LOW HITPOINT WARNING * * *
You closely miss something. You block something's attack.
Unknown command.
You feel much better. You block something's attack.
You miss something. Your headbutt misses something. Something hits you.
You miss something. Your headbutt misses something.
Something hits you but does no damage.
You miss something. Something hits you. You block something's attack.
You closely miss something. You block something's attack.
You closely miss something. Your headbutt misses something.
You hear a zap.
A bolt of acid appears from out of thin air!
The bolt of acid hits you!
* * * LOW HITPOINT WARNING * * *
You are splashed with acid!
The acid burns!
You die...
Xom titters!

..###.#####.###### #.#.# #.
......# #......# #.#.# #.
#...### #####.## #.#.## #.
.....#### #.# #.#..# #.
###.....# ##(# #.##.# #. #
#####.######..# #.##.# #. #
#........########.##.## #.
##..#.....#.....#.....## #.
##........{@............###.
###..###...................##.
#* #...##
#...................##.
.###.###
#####...............##. ..#..#
#...............##. #.#.##
#...............##. #...##
##.............###. ..#..####
##.....#.....## #.
#.##รท...### ####.###...).###.


There were no monsters in sight!

Vanquished Creatures
  Sigmund (D:5)
  A phantom (D:4)
  An ice beast (D:5)
  2 ogres
  A scorpion (D:5)
  2 howler monkeys
  A crimson imp (D:5)
  A hound (D:5)
  A jelly (D:5)
  An orc priest (D:5)
  2 iguanas (D:4)
  3 worker ants
  Terence (D:3)
  A hound zombie (D:5)
  2 hound skeletons (D:5)
  A worker ant zombie (D:5)
  11 adders
  An ooze (D:1)
  An adder skeleton (D:4)
  3 worms
  3 leopard geckos
  13 orcs
  5 bats
  5 giant cockroaches
  6 goblins
  7 hobgoblins
  2 jackals (D:1)
  7 kobolds
  2 quokkas
  3 ball pythons
  6 frilled lizards
  A leopard gecko zombie (D:5)
  11 rats
109 creatures vanquished.

Vanquished Creatures (collateral kills)
  An ogre (D:4)
  A worm (D:4)
2 creatures vanquished.

Vanquished Creatures (others)
  A plant (D:2)
1 creature vanquished.

Grand Total: 112 creatures vanquished

Notes
Turn   | Place    | Note
-------+----------+-------------------------------------------
     0 | D:1      | Gildeon the Minotaur Chaos Knight began the quest for the
                  | Orb.
     0 | D:1      | Reached XP level 1. HP: 19/19 MP: 0/0
   127 | D:1      | XOM: divination: detect creatures
   151 | D:1      | Reached XP level 2. HP: 27/27 MP: 1/1
   227 | D:1      | Found an opulent altar of Gozag.
   230 | D:1      | Reached skill level 4 in Maces & Flails
   499 | D:1      | XOM: harmless Fire miscast
   504 | D:1      | XOM: noise
   510 | D:1      | XOM: harmless Summ miscast
   650 | D:1      | XOM: divination: magic mapping
   661 | D:1      | XOM: silly message
   707 | D:1      | XOM: harmless Chrm miscast
   718 | D:1      | XOM: divination: detect items
   724 | D:1      | XOM: harmless Hex miscast
   881 | D:2      | Reached XP level 3. HP: 29/33 MP: 2/2
  1055 | D:2      | XOM: harmless Tloc miscast
  1110 | D:2      | Noticed an ogre
  1123 | D:2      | Killed an ogre
  1123 | D:2      | Reached skill level 5 in Maces & Flails
  1123 | D:2      | Reached XP level 4. HP: 18/41 MP: 3/3
  1365 | D:2      | Reached XP level 5. HP: 42/47 MP: 4/4
  1567 | D:2      | XOM is BORED!
  1567 | D:2      | XOM: draining
  1899 | D:3      | Found a white marble altar of Elyvilon.
  1943 | D:3      | Noticed Terence
  1948 | D:3      | Killed Terence
  2501 | D:4      | Noticed an ogre
  2509 | D:4      | Killed an ogre
  2509 | D:4      | Reached skill level 1 in Shields
  2509 | D:4      | Reached XP level 6. HP: 46/55 MP: 5/5
  2581 | D:4      | Found Ocliapsa's Antique Armour Shoppe.
  2591 | D:4      | Reached skill level 6 in Maces & Flails
  2690 | D:4      | Reached skill level 5 in Fighting
  2727 | D:4      | Found a radiant altar of Vehumet.
  2796 | D:4      | XOM: summons friendly crimson imp
  2938 | D:4      | XOM: scenery: create altars
  3059 | D:4      | XOM: potion effect (heal wounds)
  3064 | D:4      | XOM: summons friendly quasit
  3174 | D:4      | XOM: enchant monster (bad)
  3341 | D:5      | Entered Level 5 of the Dungeon
  3341 | D:5      | Noticed Ijyb
  3341 | D:5      | Noticed a sky beast
  3351 | D:4      | XOM: god gift: black potion {god gift}
  3363 | D:4      | a sky beast changed into a worm
  3363 | D:4      | XOM: polymorph sky beast -> worm
  3365 | D:4      | XOM: cast spell 'Summon Dragon'
  3366 | D:4      | Reached XP level 7. HP: 53/61 MP: 6/6
  3485 | D:5      | Reached skill level 7 in Maces & Flails
  3504 | D:5      | Reached skill level 5 in Armour
  3617 | D:5      | Found a stormy altar of Qazlal.
  3775 | D:5      | Noticed Sigmund
  3787 | D:5      | XOM: fog
  3792 | D:5      | Killed Sigmund
  3792 | D:5      | Reached skill level 8 in Maces & Flails
  3792 | D:5      | Reached XP level 8. HP: 55/68 MP: 7/7
  3822 | D:5      | XOM: cleaving
  3954 | D:5      | Splashed by Ijyb's acid

Vault maps used:
D:1:      lightli_arrival_quake, kennysheep_flooded_box, grunt_decor_arrowhead
D:2:      corexii_shack
D:3:      elyvilon_altar_4, uniq_robin, uniq_terence
D:4:      nicolae_overflow_hidden_temple, serial_shops, shop, dk_vineyard_2
D:5:      nicolae_qazlal_eye_of_the_storm, first_ration, uniq_ijyb, uniq_sigmund

Skill      XL: |  1  2  3  4  5  6  7  8 |
---------------+-------------------------+-----
Maces & Flails | 4 5 6 8 |  8.4
Fighting       | 4 5 |  5.0
Armour         | 3 4 5 |  5.0
Dodging        | 2 3 4 |  4.9
Shields        | 1 2 3 4 |  4.2

Action                   |  1- 3 |  4- 6 |  7- 9 || total
-------------------------+-------+-------+-------++-------
Melee: Mace              |    53 |   163 |   113 ||   329
       Headbutt          |     5 |    20 |    22 ||    47
  Use: Scroll            |       |     9 |     2 ||    11
       Potion            |       |       |     2 ||     2
 Stab: Paralysed         |       |     1 |     2 ||     3
  Eat: Chunk             |     1 |     7 |     2 ||    10
Armor: Leather armour    |     9 |     6 |       ||    15
       Plate armour      |       |    83 |    45 ||   128
Dodge: Dodged            |    33 |    20 |     8 ||    61
Block: Large shield      |       |    56 |    62 ||   118

Table legend:
 A = Non-vault XP
 B = Vault XP
 C = Vault XP percentage of total XP
 D = Non-vault monster count
 E = Vault monster count
 F = Vault count percentage of total count
                 A         B        C        D         E       F
            +---------+---------+-------+---------+---------+-------
      Total |    1440 |     273 |  15.9 |     108 |       3 |   2.7
            +---------+---------+-------+---------+---------+-------
        D:1 |      36 |       0 |   0.0 |      17 |       0 |   0.0
        D:2 |     185 |       3 |   1.6 |      29 |       1 |   3.3
        D:3 |      95 |      32 |  25.2 |      23 |       1 |   4.2
        D:4 |     401 |       0 |   0.0 |      12 |       0 |   0.0
        D:5 |     723 |     238 |  24.8 |      27 |       1 |   3.6
            +---------+---------+-------+---------+---------+-------
